[Event "ICC tourney 2545 (5 3)"]
[Site "Internet Chess Club"]
[Date "2021.04.11"]
[Round "2"]
[White "GuruS"]
[Black "blackjack721"]
[Result "1-0"]
[ICCResult "Black resigns"]
[WhiteElo "1549"]
[BlackElo "1216"]
[Opening "King's pawn game"]
[ECO "C50"]
[NIC "IG.03"]
[Time "14:29:24"]
[TimeControl "300+3"]

1. e4 e5 2. Nf3 Nc6 3. Bc4 d6 4. c3 Be6 5. Bb3 Qd7 6. O-O O-O-O 7. d4 exd4
8. cxd4 Bg4 9. d5 Ne5 10. Nbd2 h5 11. Ba4 c6 12. dxc6 bxc6 13. Qb3 Be6 14.
Qc2 Nxf3+ 15. Nxf3 Ne7 16. Be3 Kb8 17. Qc3 Qb7 18. Rfc1 c5 19. Bf4 Nc6 20.
Qxc5 Rc8 21. Bxd6+ Bxd6 22. Qxd6+ Ka8 23. Bxc6 Rxc6 24. Qxc6 Qxc6 25. Rxc6
h4 26. h3 Rh5 27. a3 g5 28. Ne5 g4 29. Nxg4 Rb5 30. b4 Bd7 31. Rh6 f5 32.
exf5 Bxf5 33. Rh5 Kb7 34. Ne3 a6 35. Rxf5 Rb6 36. Rd1 Re6 37. Rfd5 Re4 38.
R1d4 Re6 39. Rd6 Re5 40. Rxh4 Kc7 41. Rg6 a5 42. Rh7+ Kd8 43. Rg8+ Re8 44.
Rxe8+ Kxe8 45. bxa5 {Black resigns} 1-0

[Event "ICC tourney 2545 (5 3)"]
[Site "Internet Chess Club"]
[Date "2021.04.11"]
[Round "2"]
[White "Jeffchess"]
[Black "CPS1218"]
[Result "0-1"]
[ICCResult "White checkmated"]
[WhiteElo "1408"]
[BlackElo "1354"]
[Opening "King's pawn opening"]
[ECO "B07"]
[NIC "VO.17"]
[Time "14:30:05"]
[TimeControl "300+3"]

1. e4 d6 2. d4 g6 3. h3 Bg7 4. Nf3 Nf6 5. Bd3 O-O 6. Bg5 Nbd7 7. Nc3 e5 8.
d5 h6 9. Bh4 g5 10. Bxg5 hxg5 11. Nxg5 Bh6 12. h4 Nh7 13. Qg4 Ndf6 14. Ne6+
Nxg4 15. Nxd8 Rxd8 16. f3 Ngf6 17. g4 Bf4 18. g5 Nh5 19. Kf2 Kg7 20. Rag1
Kg6 21. Bf1 a6 22. Ne2 Rg8 23. Nxf4+ Nxf4 24. Ke3 Bd7 25. b3 f6 26. h5+ Kg7
27. g6 Ng5 28. c4 Rh8 29. h6+ Rxh6 30. Bg2 Rah8 31. Rxh6 Rxh6 32. Kf2 Ngh3+
33. Bxh3 Nxh3+ 34. Kg2 Nxg1 35. Kxg1 Rxg6+ 36. Kf2 Kh6 37. Ke3 Kg5 38. Kf2
Kf4 39. a3 Rg3 40. b4 Rxf3+ 41. Ke2 Rxa3 42. c5 dxc5 43. bxc5 Kxe4 44. c6
bxc6 45. dxc6 Bxc6 46. Kd2 Ba4 47. Kc1 Ra2 48. Kb1 Rc2 49. Ka1 Kd3 50. Kb1
Kc3 51. Ka1 Kb3 52. Kb1 c5 53. Ka1 Rc1# {White checkmated} 0-1

[Event "ICC tourney 2545 (5 3)"]
[Site "Internet Chess Club"]
[Date "2021.04.11"]
[Round "2"]
[White "saisiva765"]
[Black "Kimster98"]
[Result "0-1"]
[ICCResult "White resigns"]
[WhiteElo "1808"]
[BlackElo "1854"]
[Opening "Queen's pawn: London system"]
[ECO "A45"]
[NIC "QP.07"]
[Time "14:30:20"]
[TimeControl "300+3"]

1. d4 Nf6 2. Bf4 e6 3. e3 d5 4. Bd3 Bd6 5. Bg3 O-O 6. Nd2 c5 7. c3 Qc7 8.
Ngf3 Nbd7 9. Bxd6 Qxd6 10. e4 cxd4 11. cxd4 dxe4 12. Nxe4 Nxe4 13. Bxe4 Nf6
14. Bc2 Qb4+ 15. Qd2 Qxd2+ 16. Kxd2 b6 17. Ne5 Bb7 18. f3 Rfd8 19. Ke3 Nd5+
20. Kd2 Nb4 21. Kc3 Nxc2 22. Kxc2 Rxd4 23. Rad1 Rad8 24. Rxd4 Rxd4 25. Rd1
Rxd1 26. Kxd1 f6 27. Nc4 Bd5 28. Nd6 Bxa2 29. Nc8 Bb3+ 30. Kd2 Ba4 31. Nxa7
Bd7 32. Kc3 e5 33. Kc4 Kf7 34. Kd5 Ke7 35. b4 g5 36. b5 h5 37. Nc6+ Bxc6+
38. Kxc6 f5 39. Kxb6 e4 40. fxe4 fxe4 41. Kc7 e3 42. b6 e2 43. b7 e1=Q 44.
b8=Q Qc3+ 45. Kb7 Qb2+ 46. Kc8 Qxb8+ 47. Kxb8 Kd6 48. Kc8 g4 49. Kd8 Ke5 50.
Ke7 Kf4 51. Kf6 h4 52. Kg6 h3 53. g3+ Kf3 54. Kg5 Kg2 55. Kxg4 Kxh2
{White resigns}
0-1

[Event "ICC tourney 2545 (5 3)"]
[Site "Internet Chess Club"]
[Date "2021.04.11"]
[Round "2"]
[White "Jabarkaw"]
[Black "QvC"]
[Result "0-1"]
[ICCResult "White resigns"]
[WhiteElo "1539"]
[BlackElo "2356"]
[Opening "QGD: Janowski variation"]
[ECO "D31"]
[NIC "QP.08"]
[Time "14:28:56"]
[TimeControl "300+3"]

1. d4 d5 2. c4 e6 3. Nc3 a6 4. Nf3 dxc4 5. a4 Nc6 6. e4 Na5 7. Ne5 Nf6 8.
Nxc4 Nxc4 9. Bxc4 Bb4 10. f3 c5 11. Be3 cxd4 12. Qxd4 Qxd4 13. Bxd4 Bd7 14.
O-O Rc8 15. Be2 Bc6 16. Rfc1 O-O 17. Nd1 Rfd8 18. Bc3 Bxc3 19. Nxc3 Rd2 20.
b4 g5 21. b5 axb5 22. Bxb5 Kg7 23. Bxc6 Rxc6 24. Nb5 Nh5 25. Rxc6 bxc6 26.
Na7 c5 27. Rc1 Nf4 28. Rxc5 Rxg2+ 29. Kf1 h6 30. Nc6 Rxh2 31. a5 Ra2 32. Nb4
Ra3 33. a6 Rxf3+ 34. Kg1 Ra3 35. Rc7 g4 36. a7 g3 37. Nc2 Ra2 38. e5 h5 39.
Rc4 Ng6 40. Rc3 Rxa7 41. Rxg3 Ra5 42. Re3 Rxe5 43. Rd3 f5 44. Ne3 Kf6 45.
Ng2 Re4 46. Rd8 h4 47. Kh2 f4 48. Kh3 f3 49. Nxh4 Rxh4+ 50. Kg3 Rf4 51. Kf2
e5 52. Rd6+ Kf5 53. Rd7 e4 54. Rf7+ Kg5 55. Rg7 e3+ 56. Kxe3 f2 57. Rxg6+
Kxg6 58. Kxf4 f1=Q+ {White resigns} 0-1

[Event "ICC tourney 2545 (5 3)"]
[Site "Internet Chess Club"]
[Date "2021.04.11"]
[Round "2"]
[White "Neukoelln"]
[Black "Eagle64"]
[Result "0-1"]
[ICCResult "White forfeits on time"]
[WhiteElo "1624"]
[BlackElo "2573"]
[Opening "Sicilian: Smith-Morra gambit"]
[ECO "B21"]
[NIC "SI.48"]
[Time "14:30:38"]
[TimeControl "300+3"]

1. e4 c5 2. d4 cxd4 3. c3 dxc3 4. Nxc3 d6 5. Nf3 e6 6. Bc4 Nc6 7. O-O Nf6 8.
Qe2 Be7 9. Bf4 e5 10. Be3 O-O 11. Rfd1 Bg4 12. h3 Bh5 13. g4 Bg6 14. Nh4 Rc8
15. f3 a6 16. g5 Nh5 17. Nxg6 hxg6 18. Nd5 Bxg5 19. Bb6 Qd7 20. Qg2 Nd4 21.
Bxd4 exd4 22. Nb6 Qe7 23. Nxc8 Rxc8 24. b3 Be3+ 25. Kf1 b5 26. Qg4 Rc5 27.
Bd5 Qe5 28. Qxg6 Rxd5 29. Qg4 Rc5 30. Kg2 Rc2+ 31. Kf1 Qh2 32. Rd2 Qxd2
{White forfeits on time}
0-1

[Event "ICC tourney 2545 (5 3)"]
[Site "Internet Chess Club"]
[Date "2021.04.11"]
[Round "2"]
[White "GunSlinger"]
[Black "DuckyBirdLover"]
[Result "1-0"]
[ICCResult "Black checkmated"]
[WhiteElo "1641"]
[BlackElo "921"]
[Opening "French: Tarrasch, open variation"]
[ECO "C07"]
[NIC "FR.18"]
[Time "14:29:36"]
[TimeControl "300+3"]

1. e4 e6 2. d4 d5 3. Nd2 c5 4. c3 Nc6 5. Bb5 Bd7 6. exd5 exd5 7. Ne2 Qb6 8.
Bxc6 Bxc6 9. O-O Nf6 10. Re1 O-O-O 11. Nf3 c4 12. Ne5 Be8 13. b3 Bd6 14.
bxc4 Ne4 15. cxd5 Bxe5 16. dxe5 Qxf2+ 17. Kh1 Qh4 18. Be3 Ng3+ 19. Nxg3 Qc4
20. Qb3 Qd3 21. Rad1 Qa6 22. c4 Ba4 23. Qc3 Bxd1 24. Rxd1 Qxa2 25. Ra1 Qxa1+
26. Qxa1 f6 27. e6 Rd6 28. Qxa7 Kc7 29. Bf4 Rd8 30. c5 g5 31. Qb6+ Kc8 32.
Bxd6 h5 33. Qc7# {Black checkmated} 1-0

[Event "ICC tourney 2545 (5 3)"]
[Site "Internet Chess Club"]
[Date "2021.04.11"]
[Round "2"]
[White "SunKing007"]
[Black "Swaggernaut99"]
[Result "0-1"]
[ICCResult "White checkmated"]
[WhiteElo "1673"]
[BlackElo "1573"]
[Opening "Queen's pawn: Keres defense"]
[ECO "A40"]
[NIC "QO.17"]
[Time "14:29:59"]
[TimeControl "300+3"]

1. d4 e6 2. c4 b6 3. Nc3 Bb7 4. e3 Bb4 5. Qc2 Nf6 6. f4 O-O 7. Bd3 d5 8. a3
Bxc3+ 9. bxc3 c5 10. Nf3 dxc4 11. Bxc4 cxd4 12. cxd4 Nc6 13. O-O Rc8 14. Qe2
Ne4 15. Bb2 Ne7 16. Bd3 Nf5 17. g4 Nh4 18. g5 Nxf3+ 19. Rxf3 f6 20. Rh3 fxg5
21. Qh5 h6 22. Qg6 Rf6 23. Qh5 gxf4 24. d5 exd5 25. Bxf6 Qxf6 26. Rf1 Rc3
27. Bxe4 dxe4 28. exf4 Qd4+ 29. Rf2 Rc1+ 30. Kg2 e3+ 31. Rff3 e2 32. Qe8+
Kh7 33. Rxh6+ gxh6 34. Qf7+ Qg7+ 35. Qxg7+ Kxg7 36. Kf2 e1=Q+ 37. Kg2 Qg1+
38. Kh3 Rc2 39. Kh4 Rxh2+ 40. Rh3 Rxh3+ 41. Kxh3 Qg2+ 42. Kh4 Bf3 43. f5
Qg4# {White checkmated} 0-1

[Event "ICC tourney 2545 (5 3)"]
[Site "Internet Chess Club"]
[Date "2021.04.11"]
[Round "2"]
[White "romasru"]
[Black "drskodeh"]
[Result "1-0"]
[ICCResult "Black checkmated"]
[WhiteElo "1321"]
[BlackElo "1465"]
[Opening "Réti opening"]
[ECO "A05"]
[NIC "QP.11"]
[Time "14:29:28"]
[TimeControl "300+3"]

1. Nf3 Nf6 2. g3 b6 3. Bg2 Bb7 4. O-O e6 5. d3 Be7 6. Nbd2 O-O 7. e4 d6 8.
a4 Nbd7 9. Nc4 d5 10. exd5 exd5 11. Nce5 Nxe5 12. Nxe5 Bd6 13. d4 Re8 14.
Re1 Rb8 15. Bg5 c5 16. c3 Re6 17. Bh3 Re7 18. f4 Qc7 19. Qb3 c4 20. Qc2 h6
21. Bxf6 gxf6 22. Ng4 Kg7 23. Qf5 Rh8 24. Qxf6+ Kg8 25. Rxe7 Qxe7 26. Qxe7
Bxe7 27. Re1 Kf8 28. Ne5 Rg8 29. Kf2 Kg7 30. Kf3 a6 31. Bg4 b5 32. axb5 axb5
33. Bh5 f6 34. Nd7 Bd6 35. Re6 Rd8 36. Rxd6 Bc8 37. Rxd5 Bxd7 38. Kf2 f5 39.
h3 Kf6 40. g4 Ke6 41. Re5+ Kd6 42. gxf5 Ra8 43. Bg6 Ra2 44. Re2 h5 45. h4
Ra1 46. f6 Rh1 47. f7 Rh2+ 48. Kf1 Rxe2 49. Kxe2 Ke7 50. Ke3 Kf6 51. Bxh5
Bf5 52. d5 Kg7 53. Kd4 Bd7 54. Ke5 Kf8 55. f5 Ke7 56. Bg6 Bc8 57. h5 Kf8 58.
h6 Bb7 59. d6 Bc8 60. Kf6 Bd7 61. h7 Bxf5 62. Bxf5 b4 63. h8=Q#
{Black checkmated}
1-0

[Event "ICC tourney 2545 (5 3)"]
[Site "Internet Chess Club"]
[Date "2021.04.11"]
[Round "2"]
[White "cornfed"]
[Black "JstackGA"]
[Result "0-1"]
[ICCResult "White checkmated"]
[WhiteElo "1824"]
[BlackElo "1435"]
[Opening "Queen's pawn game, Chigorin variation"]
[ECO "A04"]
[NIC "QP.11"]
[Time "14:29:56"]
[TimeControl "300+3"]

1. Nf3 Nc6 2. d4 d5 3. c4 Bg4 4. cxd5 Bxf3 5. gxf3 Qxd5 6. e3 e5 7. Nc3 Bb4
8. Bd2 Bxc3 9. Bxc3 exd4 10. Bh3 Qh5 11. Bg4 Qd5 12. O-O Nf6 13. Bh3 dxc3
14. Qxd5 Nxd5 15. bxc3 Nxc3 16. Rfe1 Nb5 17. Rab1 Nd6 18. f4 O-O 19. Bg2
Rfe8 20. Rec1 Rab8 21. a4 a6 22. Bd5 Ne4 23. Rxb7 Rxb7 24. Bxc6 Rbb8 25.
Bxe8 Rxe8 26. Rxc7 f6 27. Ra7 Nc5 28. a5 Rb8 29. Rc7 Rb5 30. Kg2 Rxa5 31. f3
Rb5 32. e4 a5 33. f5 a4 34. Ra7 Kf8 35. Kg3 g6 36. Kg4 h5+ 37. Kh4 gxf5 38.
Kxh5 fxe4 39. Kg6 exf3 40. Kxf6 Ne4+ 41. Ke6 f2 42. Ra8+ Kg7 43. Ra7+ Kg6
44. Ra8 f1=Q 45. Rg8+ Kh6 46. Rh8+ Kg7 47. Re8 Qf6+ 48. Kd7 Rb7+ 49. Kc8 Ra7
50. Kb8 Qb6+ 51. Kc8 Qc7# {White checkmated} 0-1

[Event "ICC tourney 2545 (5 3)"]
[Site "Internet Chess Club"]
[Date "2021.04.11"]
[Round "2"]
[White "ser71itmex"]
[Black "Lewton"]
[Result "0-1"]
[ICCResult "White forfeits on time"]
[WhiteElo "1557"]
[BlackElo "2220"]
[Opening "French: Rubinstein variation"]
[ECO "C03"]
[NIC "FR.07"]
[Time "14:29:36"]
[TimeControl "300+3"]

1. e4 e6 2. d4 d5 3. Nd2 dxe4 4. Nxe4 Nd7 5. Nf3 Ngf6 6. Nxf6+ Nxf6 7. Bd3
c5 8. dxc5 Bxc5 9. O-O O-O 10. Qe2 b6 11. Bg5 Bb7 12. Rad1 Qc7 13. Bxf6 gxf6
14. Be4 Rad8 15. Bxb7 Qxb7 16. Rfe1 Rd5 17. c4 Rdd8 18. a3 a5 19. Nd2 f5 20.
Nf3 Qe7 21. Ne5 Rxd1 22. Rxd1 Rd8 23. g3 Qf6 24. Nd7 Qe7 25. Qd2 Kg7 26.
Qc3+ f6 27. Qd3 a4 28. Kg2 Qf7 29. h3 Qe7 30. h4 Qf7 31. Qd2 Qe7 32. h5 h6
33. Qd3 Qf7 34. g4 fxg4 35. Qd2 e5 36. Qd3 Bd4 {White forfeits on time} 0-1

[Event "ICC tourney 2545 (5 3)"]
[Site "Internet Chess Club"]
[Date "2021.04.11"]
[Round "2"]
[White "ybabji"]
[Black "GiteshC"]
[Result "1-0"]
[ICCResult "Black resigns"]
[WhiteElo "1223"]
[BlackElo "1360"]
[Opening "French: exchange variation"]
[ECO "C01"]
[NIC "FR.01"]
[Time "14:29:40"]
[TimeControl "300+3"]

1. e4 e6 2. d4 d5 3. exd5 exd5 4. Nc3 Nf6 5. Bf4 Bb4 6. Bd3 O-O 7. Nf3 Re8+
8. Be3 Bg4 9. h3 Bh5 10. O-O Bxc3 11. bxc3 Ne4 12. c4 c6 13. cxd5 cxd5 14.
Qb1 Bxf3 15. gxf3 Ng5 16. Qxb7 Nxf3+ 17. Kg2 Nh4+ 18. Kg3 Nd7 19. Qxd5 Ng6
20. Rab1 Ne7 21. Qd6 Rc8 22. Rb7 Nf6 23. Qxd8 Rcxd8 24. c4 a6 25. Rb6 a5 26.
Ra6 Ra8 27. Rxa8 Rxa8 28. d5 Nc8 29. Bd4 Nd6 30. Bxf6 gxf6 31. c5 Nb7 32.
Rc1 Rc8 33. c6 Nd6 34. c7 Ne8 35. Bf5 Rxc7 36. Rxc7 Nxc7 37. d6 Ne6 38. Bxe6
fxe6 39. d7 {Black resigns} 1-0

[Event "ICC tourney 2545 (5 3)"]
[Site "Internet Chess Club"]
[Date "2021.04.11"]
[Round "2"]
[White "ZephyrrrYT"]
[Black "Iulia85"]
[Result "0-1"]
[ICCResult "White checkmated"]
[WhiteElo "1364"]
[BlackElo "1662"]
[Opening "Modern defense"]
[ECO "E61"]
[NIC "KI.76"]
[Time "14:29:03"]
[TimeControl "300+3"]

1. d4 d6 2. c4 g6 3. Nc3 Bg7 4. Nf3 Nf6 5. Bd2 O-O 6. e3 Nbd7 7. Bd3 e5 8.
dxe5 dxe5 9. Qc2 Re8 10. Be2 Qe7 11. O-O a5 12. Nd5 Nxd5 13. cxd5 Qd6 14. e4
Nc5 15. Bd3 Nxd3 16. Qxd3 c6 17. Bc3 cxd5 18. Qxd5 Qe7 19. Rfd1 Bg4 20. Qd3
a4 21. a3 Rad8 22. Qe2 Rxd1+ 23. Rxd1 Rd8 24. Rxd8+ Qxd8 25. h3 Bxf3 26.
Qxf3 Qd6 27. Qe2 Qc6 28. Qd3 h5 29. f3 Qc5+ 30. Kf1 Bh6 31. Qd8+ Kg7 32. Qd5
Qxd5 33. exd5 f6 34. Ke2 Kf7 35. Kd3 b5 36. g4 hxg4 37. hxg4 Ke7 38. Bb4+
Kd7 39. Ke4 Bc1 40. Bc3 Kd6 41. Bb4+ Kd7 42. Bc3 Kc7 43. Kd3 Kd7 44. Kc2 Bf4
45. Bb4 f5 46. gxf5 gxf5 47. b3 axb3+ 48. Kxb3 Be3 49. Kc3 Bd4+ 50. Kd3 Kc7
51. Bf8 Kd7 52. Bb4 Kc7 53. f4 Bb2 54. fxe5 Bxe5 55. Ke3 Bd6 56. Kd3 Bxb4
57. axb4 Kd6 58. Kd4 f4 59. Ke4 f3 60. Kxf3 Kxd5 61. Ke3 Kc4 62. Kd2 Kxb4
63. Kc1 Ka3 64. Kb1 Kb3 65. Ka1 Kc2 66. Ka2 b4 67. Ka1 Kc3 68. Kb1 Kb3 69.
Ka1 Kc2 70. Ka2 b3+ 71. Ka1 b2+ 72. Ka2 b1=Q+ 73. Ka3 Qb3# {White
checkmated} 0-1

[Event "ICC tourney 2545 (5 3)"]
[Site "Internet Chess Club"]
[Date "2021.04.11"]
[Round "2"]
[White "LeonieHelm"]
[Black "Steepblue"]
[Result "1-0"]
[ICCResult "Black resigns"]
[WhiteElo "1604"]
[BlackElo "1386"]
[Opening "French defense, Steiner variation"]
[ECO "C00"]
[NIC "FR.01"]
[Time "14:29:21"]
[TimeControl "300+3"]

1. e4 e6 2. c4 d5 3. cxd5 exd5 4. Qb3 c6 5. exd5 Qxd5 6. Qxd5 cxd5 7. Nc3
Nf6 8. Nf3 a6 9. d4 Nc6 10. Bg5 Be7 11. O-O-O Be6 12. Ne5 O-O 13. Nxc6 bxc6
14. Bd3 a5 15. Kb1 Rfb8 16. f4 a4 17. Rhe1 Ba3 18. Rd2 Bb4 19. Ka1 Bxc3 20.
bxc3 Rb6 21. f5 Bc8 22. Rb2 Rab8 23. Rxb6 Rxb6 24. Bxf6 gxf6 25. Re8+
{Black resigns}
1-0

[Event "ICC tourney 2545 (5 3)"]
[Site "Internet Chess Club"]
[Date "2021.04.11"]
[Round "2"]
[White "Arunmass1"]
[Black "Fraxxinus"]
[Result "1-0"]
[ICCResult "Black resigns"]
[WhiteElo "1431"]
[BlackElo "1546"]
[Opening "King's Indian: fianchetto, classical variation, 8.e4"]
[ECO "E68"]
[NIC "KI.64"]
[Time "14:28:46"]
[TimeControl "300+3"]

1. Nf3 Nf6 2. g3 g6 3. Bg2 Bg7 4. O-O O-O 5. d4 d6 6. c4 Nbd7 7. Nc3 e5 8.
e4 Re8 9. Re1 exd4 10. Nxd4 Ne5 11. b3 c5 12. Ndb5 d5 13. cxd5 Neg4 14. h3
a6 15. Na3 Ne5 16. f4 Ned7 17. e5 Nh5 18. g4 Ng3 19. Qf3 b5 20. Nc2 b4 21.
Nd1 Nxe5 22. fxe5 Bxe5 23. Rxe5 Rxe5 24. Qxg3 Qe8 25. Bb2 Re2 26. Qd3 Bb7
27. Nde3 Rxg2+ 28. Kxg2 Rd8 29. Rf1 Rd7 30. Kg1 Re7 31. a3 Qb8 32. Nc4 Bc8
33. axb4 cxb4 34. d6 Rd7 35. Qd4 Qa7 36. Qxa7 {Black resigns} 1-0

[Event "ICC tourney 2545 (5 3)"]
[Site "Internet Chess Club"]
[Date "2021.04.11"]
[Round "2"]
[White "Cramagica"]
[Black "ElMathador"]
[Result "1-0"]
[ICCResult "Black resigns"]
[WhiteElo "1248"]
[BlackElo "1395"]
[Opening "English opening"]
[ECO "A21"]
[NIC "EO.23"]
[Time "14:30:13"]
[TimeControl "300+3"]

1. c4 e5 2. Nc3 Bc5 3. e3 Nf6 4. g3 d5 5. cxd5 Nxd5 6. Bg2 c6 7. Nge2 Be6 8.
O-O Qd7 9. a3 Bh3 10. b4 Bxg2 11. Kxg2 Be7 12. Qc2 Nf6 13. Bb2 b6 14. Rad1
c5 15. bxc5 Qb7+ 16. Kg1 bxc5 17. a4 Nbd7 18. f4 O-O 19. fxe5 Nxe5 20. Nf4
c4 21. Rf2 Nd3 22. Nxd3 cxd3 23. Qb1 Rab8 24. Nb5 Ng4 25. Rf4 Ne5 26. Bxe5
Ra8 27. Qxd3 Rfd8 28. Qe4 Qxe4 29. Rxe4 a6 30. Nc3 Rd3 31. Bxg7 Kxg7 32.
Rxe7 Rad8 33. Nb1 Rxe3 34. Rxe3 {Black resigns} 1-0

[Event "ICC tourney 2545 (5 3)"]
[Site "Internet Chess Club"]
[Date "2021.04.11"]
[Round "2"]
[White "LeftHand"]
[Black "iamkenoh"]
[Result "0-1"]
[ICCResult "White resigns"]
[WhiteElo "1172"]
[BlackElo "1520"]
[Opening "King's pawn game"]
[ECO "C50"]
[NIC "IG.03"]
[Time "14:30:38"]
[TimeControl "300+3"]

1. e4 e5 2. Nf3 Nc6 3. Bc4 d6 4. c3 Bg4 5. d3 h6 6. Nbd2 Na5 7. Bb5+ c6 8.
Ba4 b5 9. Bc2 Nf6 10. b4 Nb7 11. a4 a6 12. Bb2 Be7 13. O-O O-O 14. Bb3 c5
15. axb5 axb5 16. h3 Bh5 17. g4 Bg6 18. Nh4 Bh7 19. f4 Nxe4 20. Nf5 Nxd2 21.
Nxe7+ Qxe7 22. Qxd2 Rac8 23. f5 Qh4 24. Qg2 Nd8 25. Ra7 cxb4 26. cxb4 Nc6
27. Rc1 Nxa7 28. Rxc8 Nxc8 {White resigns} 0-1

[Event "ICC tourney 2545 (5 3)"]
[Site "Internet Chess Club"]
[Date "2021.04.11"]
[Round "2"]
[White "lameduck"]
[Black "sakharov"]
[Result "0-1"]
[ICCResult "White checkmated"]
[WhiteElo "1539"]
[BlackElo "1476"]
[Opening "Queen's pawn game"]
[ECO "E10"]
[NIC "QI.01"]
[Time "14:30:05"]
[TimeControl "300+3"]

1. d4 Nf6 2. c4 e6 3. Nf3 d5 4. g4 Nxg4 5. Rg1 Nf6 6. Nc3 g6 7. Bg2 dxc4 8.
Qa4+ Nc6 9. Qxc4 Bd7 10. Bg5 Bg7 11. O-O-O O-O 12. Ne5 Ne7 13. Bxb7 Rb8 14.
Bc6 Nxc6 15. Nxc6 Bxc6 16. Qxc6 h6 17. Bf4 Rb6 18. Qxc7 Qa8 19. Qc4 Rc8 20.
Qd3 Qb7 21. Rd2 Nd5 22. Be5 Nxc3 23. bxc3 Bxe5 24. dxe5 Rb8 25. Qf3 Rb1+ 26.
Kc2 Qb2+ 27. Kd3 Rd8+ 28. Kc4 Qb5# {White checkmated} 0-1

[Event "ICC tourney 2545 (5 3)"]
[Site "Internet Chess Club"]
[Date "2021.04.11"]
[Round "2"]
[White "oxdidi"]
[Black "leader102938"]
[Result "0-1"]
[ICCResult "White forfeits on time"]
[WhiteElo "1103"]
[BlackElo "1475"]
[Opening "Two knights defense (Modern bishop's opening)"]
[ECO "C55"]
[NIC "IG.01"]
[Time "14:29:54"]
[TimeControl "300+3"]

1. e4 e5 2. Nf3 Nc6 3. Bc4 Nf6 4. d3 Be7 5. c3 O-O 6. Nbd2 d5 7. exd5 Nxd5
8. h3 Be6 9. Bb3 a5 10. Nf1 a4 11. Bc2 b5 12. Ng3 f5 13. O-O Bf6 14. Re1 a3
15. bxa3 Nxc3 16. Qd2 Nd5 17. d4 e4 18. Ng5 Bxg5 19. Qxg5 Qxg5 20. Bxg5 Nxd4
21. Bb3 Rxa3 22. Bxd5 Bxd5 23. Rad1 c5 24. Be7 Rc8 25. Bxc5 Rxc5 26. Rxd4 g6
{White forfeits on time}
0-1

[Event "ICC tourney 2545 (5 3)"]
[Site "Internet Chess Club"]
[Date "2021.04.11"]
[Round "2"]
[White "Jhonnydee2101"]
[Black "ethansun188"]
[Result "0-1"]
[ICCResult "White forfeits on time"]
[WhiteElo "1345"]
[BlackElo "1197"]
[Opening "Sicilian: dragon, Yugoslav attack, 10.O-O-O"]
[ECO "B78"]
[NIC "SI.17"]
[Time "14:29:09"]
[TimeControl "300+3"]

1. e4 c5 2. Nf3 d6 3. d4 cxd4 4. Nxd4 Nf6 5. Nc3 g6 6. Be3 Bg7 7. f3 Nc6 8.
Qd2 Bd7 9. Bc4 O-O 10. O-O-O a6 11. Bb3 b5 12. h4 Nxd4 13. Bxd4 a5 14. h5 a4
15. hxg6 axb3 16. axb3 Ra1+ 17. Nb1 fxg6 18. Be3 Be6 19. Bh6 Qc7 20. Bxg7
Kxg7 21. Qh6+ Kg8 22. g4 Bxb3 23. Rh2 Ba2 24. Kd2 Rxb1 25. Rxb1 Bxb1 26. c3
Qc4 27. Qe3 Rd8 28. g5 Nh5 29. Qd4 Qxd4+ 30. cxd4 Rc8 31. Ke3 Rc2 32. Rxc2
Bxc2 33. f4 Kf7 34. b4 Ke6 35. Kf3 d5 36. e5 Kf5 37. Ke3 Nxf4 38. Kf3 Nd3
39. Ke3 Nxb4 40. Kd2 Bb3 41. Kc3 Nc6 42. Kxb3 Nxd4+ 43. Kc3 Kxe5 44. Kd3 b4
45. Kd2 b3 46. Kc3 Ke4 47. Kb2 Kd3 48. Kb1 Kc3 49. Kc1 b2+ 50. Kb1 Nb5 51.
Ka2 Na3 52. Kxa3 b1=Q {White forfeits on time} 0-1

[Event "ICC tourney 2545 (5 3)"]
[Site "Internet Chess Club"]
[Date "2021.04.11"]
[Round "2"]
[White "Finlidor"]
[Black "sceptic"]
[Result "0-1"]
[ICCResult "White resigns"]
[WhiteElo "2123"]
[BlackElo "1534"]
[Opening "Caro-Kann: two knights variation"]
[ECO "B11"]
[NIC "CK.01"]
[Time "14:30:31"]
[TimeControl "300+3"]

1. e4 c6 2. Nc3 d5 3. Nf3 dxe4 4. Nxe4 Nf6 5. Ng3 Bg4 6. h3 Bxf3 7. Qxf3 Qd5
8. Be2 e6 9. c3 Nbd7 10. d4 Bd6 11. O-O O-O 12. Qd3 c5 13. Bf3 c4 14. Bxd5
cxd3 15. Bxb7 Rab8 16. Ba6 d2 17. Bxd2 Rxb2 18. Bc1 Rb6 19. Bd3 Bxg3 20.
fxg3 Rc8 21. Rf3 Kf8 22. Ba3+ Ke8 23. c4 h6 24. Re1 Kd8 25. c5 Rbb8 26. Bc4
Rc6 27. g4 Nb6 28. cxb6 Rxc4 29. bxa7 Ra8 30. Bc5 Rc2 31. Rb1 Kc8 32. Rfb3
Nd7 33. R3b2 Rxb2 34. Rxb2 Nxc5 35. dxc5 Rxa7 36. Kf2 Kc7 37. Kf3 Kc6 38.
Rc2 f6 39. Ke3 Ra3+ 40. Kd4 Ra4+ 41. Kd3 e5 42. Ke3 g6 43. Kd2 Ra5 44. Ke3
Rxc5 45. Rxc5+ Kxc5 46. h4 f5 47. gxf5 gxf5 48. g3 Kb4 49. Kd3 Ka3 50. Kc4
e4 51. Kd4 Kxa2 52. g4 fxg4 53. h5 g3 54. Ke3 Kb3 55. Kxe4 g2 {White
resigns} 0-1

[Event "ICC tourney 2545 (5 3)"]
[Site "Internet Chess Club"]
[Date "2021.04.11"]
[Round "2"]
[White "fishmaster"]
[Black "Kyle45"]
[Result "1-0"]
[ICCResult "Black resigns"]
[WhiteElo "2062"]
[BlackElo "1492"]
[Opening "QGD: Marshall defense"]
[ECO "A50"]
[NIC "QP.07"]
[Time "14:30:20"]
[TimeControl "300+3"]

1. d4 Nf6 2. c4 d5 3. cxd5 Nxd5 4. e4 Nf6 5. Nc3 g6 6. Nf3 Bg7 7. h3 h5 8.
Bc4 c6 9. O-O O-O 10. a4 b6 11. Be3 Bb7 12. Qb3 e6 13. Ng5 Re8 14. Rad1 Nbd7
15. Rfe1 Nf8 16. Rd2 Qc7 17. Red1 Rad8 18. Ne2 N8h7 19. f3 Nxg5 20. Bxg5 Rd7
21. Bf4 Qd8 22. Be5 c5 23. Nf4 cxd4 24. Rxd4 Rxd4 25. Rxd4 Qe7 26. Rd1 Nd7
27. Bxg7 Kxg7 28. Qc3+ e5 29. Nd5 Nc5 30. Nxe7 Rxe7 31. Bd5 Bc8 32. a5 Ba6
33. b4 Nd7 34. Bc6 Nf6 35. b5 Bc8 36. axb6 axb6 37. Qb4 Ng8 38. Rd8 Rc7 39.
Qf8+ Kf6 40. Rxc8 Re7 41. Qxg8 Ke6 42. Re8 {Black resigns} 1-0

[Event "ICC tourney 2545 (5 3)"]
[Site "Internet Chess Club"]
[Date "2021.04.11"]
[Round "2"]
[White "mansoortJ22"]
[Black "Izaan-A"]
[Result "1-0"]
[ICCResult "Black checkmated"]
[WhiteElo "1407"]
[BlackElo "1018"]
[Opening "KP: Patzer opening"]
[ECO "C20"]
[NIC "KP.10"]
[Time "14:28:47"]
[TimeControl "300+3"]

1. e4 e5 2. Qh5 Qf6 3. Bc4 g6 4. Qe2 Bc5 5. Nc3 Ne7 6. Nb5 Na6 7. Nf3 d6 8.
O-O O-O 9. d4 exd4 10. Bg5 Qg7 11. Bxe7 Re8 12. Bg5 h6 13. Bd2 c6 14. Na3 b5
15. Bb3 h5 16. c3 dxc3 17. Bxc3 Qh6 18. Rad1 g5 19. e5 g4 20. Nh4 Qg5 21. g3
dxe5 22. Nxb5 cxb5 23. Qxb5 Rf8 24. Rfe1 Bxf2+ 25. Kxf2 Qf6+ 26. Kg1 Nc7 27.
Qxe5 Qb6+ 28. Bd4 Qh6 29. Be3 Qg7 30. Qxc7 Be6 31. Bxe6 fxe6 32. Qxg7+ Kxg7
33. Bd4+ Kf7 34. Bc3 Rac8 35. Rd7+ Ke8 36. Rg7 Rf7 37. Rxe6+ Kf8 38. Ng6#
{Black checkmated}
1-0

[Event "ICC tourney 2545 (5 3)"]
[Site "Internet Chess Club"]
[Date "2021.04.11"]
[Round "2"]
[White "jps7"]
[Black "volver"]
[Result "1-0"]
[ICCResult "Black resigns"]
[WhiteElo "1499"]
[BlackElo "1354"]
[Opening "Queen's pawn game"]
[ECO "D05"]
[NIC "QP.06"]
[Time "14:28:46"]
[TimeControl "300+3"]

1. d4 Nf6 2. Nf3 e6 3. e3 d5 4. Bd3 g6 5. O-O Bg7 6. b3 b6 7. Ba3 Nbd7 8.
Nbd2 c5 9. dxc5 bxc5 10. Bb5 O-O 11. Rb1 a6 12. Bc6 Rb8 13. Ba4 Qc7 14. c4
Nb6 15. cxd5 exd5 16. Rc1 Nxa4 17. bxa4 Nd7 18. Nb3 c4 19. Bxf8 Bxf8 20.
Nbd4 Bb7 21. Qc2 Nc5 22. h3 Rd8 23. Rb1 Rd7 24. Rfc1 Bd6 25. Rb4 Nd3 26.
Rxb7 Qxb7 27. Rb1 Qc7 28. Ne1 Nxe1 29. Rxe1 Be5 30. Nf3 Bf6 31. Nd4 Bxd4 32.
exd4 Qb8 33. Re5 Qb7 34. Re8+ Kg7 35. Qe2 Qc7 36. g3 Qd6 37. h4 f6 38. Re6
Qc7 39. Qf3 Rf7 40. Qxd5 c3 41. Rc6 Qd7 42. Qc4 c2 43. Qxc2 Qxd4 44. Rxa6
Rd7 45. Rc6 Qd5 46. Rc3 Qa5 47. Qb3 Ra7 48. Rc4 Re7 49. Kh2 Qa8 50. Qc2 Re1
51. Rc7+ Kh6 52. Qd2+ Kh5 53. Qxe1 {Black resigns} 1-0